TOP OF THE 1ST |
New York Knights batting - Pitching for Pocatello Boccabellas : RHP Martín Ramírez
|
Pitching: RHP Martín Ramírez
|
|
Batting: LHB Dan Hamilton
|
0-0: Swinging Strike 0-1: Ground out 3-1 (Groundball, 34)
|
Batting: RHB Pepe Carrasco
|
0-0: Ball 1-0: Ground out 5-3 (Groundball, 56)
|
Batting: LHB Warren Potter
|
0-0: Ball 1-0: Fly out, F8 (Flyball, 78M)
|
Top of the 1st over - 0 run(s), 0 hit(s), 0 error(s), 0 left on base; New York 0 - Pocatello 0 |
BOTTOM OF THE 1ST |
Pocatello Boccabellas batting - Pitching for New York Knights : RHP Thatcher Smith
|
Pitching: RHP Thatcher Smith
|
|
Batting: RHB Tomás Carranza
|
0-0: Fly out, F9 (Flyball, 9S)
|
Batting: LHB Jim Jensen
|
0-0: Called Strike 0-1: Foul Ball, location: 2F 0-2: Ball 1-2: Ball 2-2: Ball 3-2: Base on Balls
|
Batting: RHB Manny Copriviza
|
0-0: Called Strike 0-1: Ball 1-1: Foul Ball, location: 2F 1-2: Foul Ball, location: 2F 1-2: Strikes out looking
|
Batting: LHB Juan Cortés
|
0-0: Ball 1-0: Ball 2-0: Ball 3-0: Base on Balls Jim Jensen to second
|
Batting: RHB Ernesto Acosta
|
0-0: Fielders Choice at 2nd, 6-4 (Groundball, 6)
|
Bottom of the 1st over - 0 run(s), 0 hit(s), 0 error(s), 1 left on base; New York 0 - Pocatello 0 |
TOP OF THE 2ND |
New York Knights batting - Pitching for Pocatello Boccabellas : RHP Martín Ramírez
|
Batting: RHB Lonnie Anderson
|
0-0: Foul Ball, location: 2F 0-1: Foul Ball, location: 2F 0-2: Ball 1-2: Foul Ball, location: 2F 1-2: Foul Ball, location: 2F 1-2: DOUBLE (Line Drive, 9LD)
|
Batting: LHB Marcos Pérez
|
0-0: Ball 1-0: Ball 2-0: Called Strike 2-1: Foul Ball, location: 2F 2-2: Foul Ball, location: 2F 2-2: Strikes out looking
|
Batting: RHB Steve Sampson
|
0-0: Called Strike 0-1: Foul Ball, location: 2F 0-2: Ball 1-2: 2-RUN HOME RUN (Flyball, 8LXD), Distance : 457 ft
|
Batting: LHB Nicholas Alston
|
0-0: Called Strike 0-1: Ground out 6-3 (Groundball, 6MS)
|
Batting: RHB Yasuhiko Sumita
|
0-0: Foul Ball, location: 2F 0-1: Foul Ball, location: 2F 0-2: Ball 1-2: Strikes out swinging
|
Top of the 2nd over - 2 run(s), 2 hit(s), 0 error(s), 0 left on base; New York 2 - Pocatello 0 |
BOTTOM OF THE 2ND |
Pocatello Boccabellas batting - Pitching for New York Knights : RHP Thatcher Smith
|
Batting: LHB Vicente Bueno
|
0-0: Ball 1-0: Called Strike 1-1: Swinging Strike 1-2: Foul Ball, location: 2F 1-2: Ball 2-2: Foul Ball, location: 2F 2-2: Ball 3-2: Strikes out swinging
|
Batting: RHB Francisco Sandoval
|
0-0: Ball 1-0: Fly out, F9 (Line Drive, 9S)
|
Batting: SHB Nick Cox
|
0-0: Foul Ball, location: 2F 0-1: Swinging Strike 0-2: Foul Ball, location: 2F 0-2: Ball 1-2: Foul Ball, location: 2F 1-2: Ball 2-2: Foul Ball, location: 2F 2-2: Strikes out swinging
|
Bottom of the 2nd over - 0 run(s), 0 hit(s), 0 error(s), 0 left on base; New York 2 - Pocatello 0 |
TOP OF THE 3RD |
New York Knights batting - Pitching for Pocatello Boccabellas : RHP Martín Ramírez
|
Batting: RHB Héctor Vázquez
|
0-0: Bunted foul 0-1: Ground out 4-3 (Groundball, 4)
|
Batting: LHB Dan Hamilton
|
0-0: Fly out, F6 (Popup, 5D)
|
Batting: RHB Pepe Carrasco
|
0-0: Fly out, F3 (Flyball, 34D)
|
Top of the 3rd over - 0 run(s), 0 hit(s), 0 error(s), 0 left on base; New York 2 - Pocatello 0 |
BOTTOM OF THE 3RD |
Pocatello Boccabellas batting - Pitching for New York Knights : RHP Thatcher Smith
|
Batting: RHB José Delgado
|
0-0: Ball 1-0: Swinging Strike 1-1: Ball 2-1: Called Strike 2-2: Ball 3-2: SINGLE (Groundball, 34D)
|
Batting: RHB Tomás Carranza
|
0-0: Foul Ball, location: 2F 0-1: Ball 1-1: Ball 2-1: Ball 3-1: Called Strike 3-2: DOUBLE (Line Drive, 9LS) José Delgado to third Runner from 3rd tries for Home, SAFE, no throw
|
Batting: LHB Jim Jensen
|
0-0: Ground out 3-1 (Groundball, 34) Tomás Carranza to third
|
Batting: RHB Manny Copriviza
|
0-0: Called Strike 0-1: Foul Ball, location: 2F 0-2: Ball 1-2: Ball 2-2: Foul Ball, location: 2F 2-2: Ball 3-2: Base on Balls
|
Batting: LHB Juan Cortés
|
0-0: Ball 1-0: Ball 2-0: Ball 3-0: Base on Balls Manny Copriviza to second
|
Batting: RHB Ernesto Acosta
|
0-0: Foul Ball, location: 2F 0-1: Called Strike 0-2: Ball 1-2: Foul Ball, location: 2F 1-2: Strikes out swinging
|
Batting: LHB Vicente Bueno
|
0-0: Ground out 5-3 (Groundball, 56S)
|
Bottom of the 3rd over - 1 run(s), 2 hit(s), 0 error(s), 3 left on base; New York 2 - Pocatello 1 |
BOTTOM OF THE 4TH |
Pocatello Boccabellas batting - Pitching for New York Knights : RHP Thatcher Smith
|
Batting: RHB Francisco Sandoval
|
0-0: Ball 1-0: Ball 2-0: Fly out, F4 (Popup, 34)
|
Batting: SHB Nick Cox
|
0-0: Called Strike 0-1: Foul Ball, location: 2F 0-2: Ball 1-2: Reached on error, E6 (Groundball, 6)
|
Batting: RHB José Delgado
|
0-0: Ground out 5-3 (Groundball, 5S) Nick Cox to second
|
Batting: RHB Tomás Carranza
|
0-0: Called Strike 0-1: Ball 1-1: Foul Ball, location: 2F 1-2: Foul Ball, location: 2F 1-2: Ball 2-2: Ground out 4-3 (Groundball, 4)
|
Bottom of the 4th over - 0 run(s), 0 hit(s), 1 error(s), 1 left on base; New York 4 - Pocatello 1 |
TOP OF THE 5TH |
New York Knights batting - Pitching for Pocatello Boccabellas : RHP Martín Ramírez
|
Batting: RHB Yasuhiko Sumita
|
0-0: Called Strike 0-1: Ball 1-1: Ground out U3 (Groundball, 34)
|
Batting: RHB Héctor Vázquez
|
0-0: Called Strike 0-1: Swinging Strike 0-2: Strikes out swinging
|
Batting: LHB Dan Hamilton
|
0-0: Ball 1-0: Called Strike 1-1: Swinging Strike 1-2: Ball 2-2: Ball 3-2: Ground out 1-3 (Groundball, 13S)
|
Top of the 5th over - 0 run(s), 0 hit(s), 0 error(s), 0 left on base; New York 4 - Pocatello 1 |
BOTTOM OF THE 5TH |
Pocatello Boccabellas batting - Pitching for New York Knights : RHP Thatcher Smith
|
Batting: LHB Jim Jensen
|
0-0: Called Strike 0-1: Ball 1-1: Called Strike 1-2: Ball 2-2: Ball 3-2: Base on Balls
|
Batting: RHB Manny Copriviza
|
0-0: Called Strike 0-1: Ball Balk! Jim Jensen to second 1-1: Foul Ball, location: 2F 1-2: Ball 2-2: Foul Ball, location: 2F 2-2: Foul Ball, location: 2F 2-2: Fly out, F3 (Popup, 3L)
|
Pitching: RHP José Navarro
|
|
Batting: LHB Juan Cortés
|
0-0: Ball 1-0: Foul Ball, location: 2F 1-1: Ball 2-1: Swinging Strike 2-2: Foul Ball, location: 2F 2-2: Foul Ball, location: 2F 2-2: Ball 3-2: Foul Ball, location: 2F 3-2: Foul Ball, location: 2F 3-2: Foul Ball, location: 2F 3-2: SINGLE (Line Drive, 7S) Jim Jensen to third Runner from 3rd tries for Home, SAFE, throw made home Juan Cortés to second
|
Batting: RHB Ernesto Acosta
|
0-0: Called Strike 0-1: Called Strike 0-2: Ball 1-2: Ball 2-2: Ball 3-2: Base on Balls
|
Batting: LHB Vicente Bueno
|
0-0: SINGLE (Line Drive, 78S) Juan Cortés to third Ernesto Acosta to second Runner from 3rd tries for Home, SAFE, throw made home Ernesto Acosta to third Vicente Bueno to second
|
Batting: RHB Francisco Sandoval
|
0-0: Ground out 6-3 (Groundball, 6) Ernesto Acosta scores Vicente Bueno to third
|
Batting: SHB Nick Cox
|
0-0: Ball 1-0: Foul Ball, location: 2F 1-1: Called Strike 1-2: Ball 2-2: Ball 3-2: Base on Balls
|
Batting: RHB José Delgado
|
0-0: TRIPLE (Flyball, 8LXD) Vicente Bueno scores Nick Cox scores
|
Pitching: RHP Lorenzo Vargas
|
|
Batting: RHB Tomás Carranza
|
0-0: Called Strike 0-1: Called Strike 0-2: Ball 1-2: Strikes out swinging
|
Bottom of the 5th over - 5 run(s), 3 hit(s), 0 error(s), 1 left on base; New York 4 - Pocatello 6 |
TOP OF THE 6TH |
New York Knights batting - Pitching for Pocatello Boccabellas : RHP Martín Ramírez
|
Batting: RHB Pepe Carrasco
|
0-0: Swinging Strike 0-1: Ball 1-1: Called Strike 1-2: Foul Ball, location: 2F 1-2: Ball 2-2: Strikes out swinging
|
Batting: LHB Warren Potter
|
0-0: Fly out, F7 (Flyball, 7LM)
|
Batting: RHB Lonnie Anderson
|
0-0: Fly out, F8 (Line Drive, 89M)
|
Top of the 6th over - 0 run(s), 0 hit(s), 0 error(s), 0 left on base; New York 4 - Pocatello 6 |
BOTTOM OF THE 6TH |
Pocatello Boccabellas batting - Pitching for New York Knights : RHP Lorenzo Vargas
|
Batting: LHB Jim Jensen
|
0-0: Swinging Strike 0-1: Ball 1-1: Ball 2-1: Ball 3-1: Foul Ball, location: 2F 3-2: Base on Balls
|
Batting: RHB Manny Copriviza
|
0-0: Ball 1-0: Swinging Strike 1-1: Swinging Strike 1-2: Foul Ball, location: 2F 1-2: Foul Ball, location: 2F 1-2: Strikes out looking
|
Batting: LHB Juan Cortés
|
0-0: Ball 1-0: Ball 2-0: Fielders Choice at 2nd, 6-4 (Groundball, 6)
|
Batting: RHB Ernesto Acosta
|
0-0: Ball 1-0: Called Strike 1-1: DOUBLE (Line Drive, 7LM) Juan Cortés to third Runner from 3rd tries for Home, SAFE, no throw
|
Batting: LHB Vicente Bueno
|
0-0: Called Strike Passed Ball! Ernesto Acosta to third 0-1: Fly out, F7 (Flyball, 7D)
|
Bottom of the 6th over - 1 run(s), 1 hit(s), 0 error(s), 1 left on base; New York 4 - Pocatello 7 |
TOP OF THE 7TH |
New York Knights batting - Pitching for Pocatello Boccabellas : RHP Martín Ramírez
|
Batting: LHB Marcos Pérez
|
0-0: Ball 1-0: Swinging Strike 1-1: Foul Ball, location: 2F 1-2: Ball 2-2: Strikes out looking
|
Batting: RHB Steve Sampson
|
0-0: Ball 1-0: Ball 2-0: Swinging Strike 2-1: Foul Ball, location: 2F 2-2: Ball 3-2: Foul Ball, location: 2F 3-2: Base on Balls
|
Batting: LHB Nicholas Alston
|
0-0: Called Strike 0-1: Fly out, F6 (Line Drive, 6)
|
Batting: RHB Yasuhiko Sumita
|
0-0: Called Strike 0-1: Ground out 1-3 (Groundball, P)
|
Top of the 7th over - 0 run(s), 0 hit(s), 0 error(s), 1 left on base; New York 4 - Pocatello 7 |
BOTTOM OF THE 7TH |
Pocatello Boccabellas batting - Pitching for New York Knights : RHP Lorenzo Vargas
|
Batting: RHB Francisco Sandoval
|
0-0: Ball 1-0: Ball 2-0: Foul Ball, location: 2F 2-1: Foul Ball, location: 2F 2-2: Ball 3-2: Strikes out swinging
|
Batting: SHB Nick Cox
|
0-0: Swinging Strike 0-1: Foul Ball, location: 2F 0-2: Strikes out swinging
|
Batting: RHB José Delgado
|
0-0: Ball 1-0: Foul Ball, location: 2F 1-1: Fly out, F9 (Flyball, 9S)
|
Bottom of the 7th over - 0 run(s), 0 hit(s), 0 error(s), 0 left on base; New York 4 - Pocatello 7 |
TOP OF THE 8TH |
New York Knights batting - Pitching for Pocatello Boccabellas : RHP Martín Ramírez
|
Batting: RHB Héctor Vázquez
|
0-0: Ball 1-0: SINGLE (Line Drive, 7S)
|
Batting: LHB Dan Hamilton
|
0-0: Called Strike 0-1: Ball 1-1: Ball 2-1: Swinging Strike 2-2: Ball 3-2: Base on Balls Héctor Vázquez to second
|
Pitching: RHP Jaime Espinoza
|
|
Batting: RHB Pepe Carrasco
|
0-0: Called Strike 0-1: Ball 1-1: Ball 2-1: Swinging Strike 2-2: Foul Ball, location: 2F 2-2: Strikes out swinging
|
Pitching: LHP Mark Murchison
|
|
Batting: LHB Warren Potter
|
0-0: Foul Ball, location: 2F 0-1: Swinging Strike 0-2: Ball 1-2: Ball 2-2: Fielders Choice at 3rd, U5 (Groundball, 5L) Dan Hamilton to second
|
Pitching: RHP Juan Álvarez
|
|
Batting: RHB Lonnie Anderson
|
0-0: Fly out, F7 (Flyball, 7)
|
Top of the 8th over - 0 run(s), 1 hit(s), 0 error(s), 2 left on base; New York 4 - Pocatello 7 |
BOTTOM OF THE 8TH |
Pocatello Boccabellas batting - Pitching for New York Knights : RHP Lorenzo Vargas
|
Batting: RHB Tomás Carranza
|
0-0: Ball 1-0: Foul Ball, location: 2F 1-1: Ball 2-1: Fly out, F8 (Line Drive, 8RM)
|
Batting: LHB Jim Jensen
|
0-0: Fly out, F8 (Flyball, 8RM)
|
Batting: RHB Manny Copriviza
|
0-0: Ball 1-0: Ball 2-0: Ball 3-0: Called Strike 3-1: Foul Ball, location: 2F 3-2: SINGLE (Line Drive, 4D)
|
Batting: LHB Juan Cortés
|
0-0: Ball 1-0: Swinging Strike 1-1: Ground out U3 (Groundball, 3)
|
Bottom of the 8th over - 0 run(s), 1 hit(s), 0 error(s), 1 left on base; New York 4 - Pocatello 7 |
TOP OF THE 9TH |
New York Knights batting - Pitching for Pocatello Boccabellas : RHP Juan Álvarez
|
Pitching: RHP Adrián Martínez
|
|
Batting: LHB Marcos Pérez
|
0-0: Foul Ball, location: 2F 0-1: Ground out 1-3 (Groundball, 13)
|
Batting: RHB Steve Sampson
|
0-0: Ground out 6-3 (Groundball, 6D)
|
Batting: LHB Nicholas Alston
|
0-0: Foul Ball, location: 2F 0-1: Ground out 4-3 (Groundball, 4)
|
Top of the 9th over - 0 run(s), 0 hit(s), 0 error(s), 0 left on base; New York 4 - Pocatello 7 |
|